 Dungeon Sprint DCSS version 0.15-a0-970-ga23ad50 (webtiles) character file.

34 MDvedh the Ruinous (level 3, -3/19 HPs)
             Began as a Gargoyle Conjurer on May 23, 2014.
             Slain by a centaur (5 damage)
             ... in the Dungeon (Sprint IX: "|||||||||||||||||||||||||||||").
             The game lasted 00:01:26 (414 turns).

MDvedh the Ruinous (Gargoyle Conjurer)               Turns: 414, Time: 00:01:26

HP  -3/19        AC  6     Str 11      XL: 3   Next: 31%
MP   4/9         EV 12     Int 19      God:
Gold 0           SH  0     Dex 13      Spells:  2 memorised,  7 levels left

rFire  . . .     SeeInvis .     m - staff of energy
rCold  . . .     Clarity  .     a - +0 robe
rNeg   + . .     Conserve .     (no shield)
rPois  +         rCorr    .     (no helmet)
rElec  +         rRot     +     (no cloak)
SustAb .         Spirit   .     o - +0 pair of gloves
rMut   .         Warding  .     (no boots)
Gourm  .         NoTele   +     (no amulet)
MR     .....                    q - +3 ring of intelligence
                                p - +3 ring of dexterity

@: not resistant to hostile enchantments, unstealthy
A: life protection 1, electricity resistance, unbreathing, petrification
resistance, AC +3
a: no special abilities


You were in the Dungeon.
You were not hungry.

You visited 1 branch

Inventory:

Hand weapons
 n - a +2,+2 cutlass of venom
Armour
 a - a +0 robe (worn)
 o - a +0 pair of gloves (worn)
Magical devices
 l - a wand of draining (7)
Comestibles
 b - a bread ration
Scrolls
 i - 2 scrolls of blinking
 j - 3 scrolls of remove curse
 k - 2 scrolls of amnesia
Jewellery
 p - a +3 ring of dexterity (left hand)
 q - a +3 ring of intelligence (right hand)
Potions
 d - 5 potions of curing
 e - 3 potions of heal wounds
 f - a potion of haste
 g - 4 potions of magic
 h - a potion of invisibility
Books
 c - a book of Conjurations

   Spells                             Type                      Level
   *Magic Dart                        Conjuration                  1
   *Searing Ray                       Conjuration                  2
   Dazzling Spray                     Conjuration/Hexes            3
   Fulminant Prism                    Conjuration/Hexes            4
   Iskenderun's Mystic Blast          Conjuration                  4
   Iskenderun's Battlesphere          Conjuration/Charms           5
Magical staves
 m - an uncursed staff of energy (weapon)


   Skills:
 + Level 0.0 Fighting
 + Level 1.5 Dodging
 - Level 2.1 Stealth
 + Level 4.4 Spellcasting
 + Level 6.5 Conjurations


You had 7 spell levels left.
You knew the following spells:

 Your Spells              Type           Power        Failure   Level  Hunger
a - Magic Dart            Conj           ####         1%          1    None
b - Searing Ray           Conj           ####..       1%          2    None


Dungeon Overview and Level Annotations

Branches:
Dungeon (1/1)

Altars:
Cheibriados
Dithmenos
Elyvilon
Fedhas
Gozag
Kikubaaqudgha
Makhleb
Nemelex Xobeh
Okawaru
Qazlal
Sif Muna
Trog
Vehumet
Xom
Yredelemnul
Zin
The Shining One
Beogh
Jiyva
Lugonu


Innate Abilities, Weirdness & Mutations

You are resistant to torment.
You are immune to poison.
You are immune to rotting.
Your stone body is very resilient (AC +3).
You resist negative energy.
You are resistant to electric shocks.
You can survive without breathing.
You are immune to petrification.


Message History

The centaur hits you.
Unknown command.
The searing ray hits the centaur.
The centaur is moderately wounded.
The centaur hits you.
* * * LOW HITPOINT WARNING * * *
The centaur barely misses you.
Unknown command.
The searing ray misses the centaur.
The searing ray hits the rat.
You kill the rat!
The centaur barely misses you.
Unknown command.
The searing ray hits the centaur.
The centaur is heavily wounded.
The searing ray hits the black bear.
The black bear is moderately wounded.
The centaur hits you.
* * * LOW HITPOINT WARNING * * *
The centaur hits you.
You die... ▓▓▓▓▓▓▓▓▓▓▓▓▓▓▓▓▓▓▓▓▓▓▓▓▓ +.OWY.hc@.[[.)...'_______ ▓▓▓▓▓▓▓▓▓▓▓▓▓▓▓▓▓▓▓▓▓▓▓▓▓

You could see a two-headed ogre, a wraith, a black bear, an ice beast and a centaur.

Vanquished Creatures
  A worker ant (D)
  A giant cockroach (D)
  3 hobgoblins (D)
  2 jackals (D)
  A bat (D)
  A quokka zombie (D)
  2 rats (D)
11 creatures vanquished.

Notes
Turn   | Place    | Note
--------------------------------------------------------------
     0 | D        | MDvedh, the Gargoyle Conjurer, began the quest for the Orb.
     0 | D        | Reached XP level 1. HP: 10/10 MP: 3/3
    20 | D        | Reached skill level 5 in Conjurations
   249 | D        | Noticed a worker ant
   253 | D        | Reached XP level 2. HP: 10/15 MP: 0/6
   258 | D        | Killed a worker ant
   258 | D        | Reached skill level 6 in Conjurations
   258 | D        | Reached XP level 3. HP: 16/19 MP: 0/9
   319 | D        | Learned a level 2 spell: Searing Ray
   325 | D        | Found a glowing silver altar of Zin.
   325 | D        | Found a glowing golden altar of the Shining One.
   325 | D        | Found an ancient bone altar of Kikubaaqudgha.
   325 | D        | Found a basalt altar of Yredelemnul.
   325 | D        | Found a shimmering altar of Xom.
   325 | D        | Found a radiant altar of Vehumet.
   325 | D        | Found an iron altar of Okawaru.
   326 | D        | Found a burning altar of Makhleb.
   327 | D        | Found a deep blue altar of Sif Muna.
   328 | D        | Found a bloodstained altar of Trog.
   329 | D        | Found a sparkling altar of Nemelex Xobeh.
   330 | D        | Found a white marble altar of Elyvilon.
   331 | D        | Found a roughly hewn altar of Beogh.
   332 | D        | Found a viscous altar of Jiyva.
   372 | D        | Found a corrupted altar of Lugonu.
   373 | D        | Found a blossoming altar of Fedhas.
   374 | D        | Found a snail-covered altar of Cheibriados.
   375 | D        | Found a shadowy altar of Dithmenos.
   376 | D        | Found a stormy altar of Qazlal.
   377 | D        | Found an opulent altar of Gozag.
   410 | D        | Noticed a two-headed ogre
   410 | D        | Noticed a wraith
   410 | D        | Noticed an ice beast
   410 | D        | Noticed a black bear
   410 | D        | Noticed a centaur
   414 | D        | Slain by a centaur

Action                   || total
-------------------------++-------
Melee: Unarmed           ||    38
 Cast: Magic Dart        ||     7
       Searing Ray       ||     1
  Use: Potion            ||     1
